TOP OF THE 1ST |
Surrey Sinners batting - Pitching for Chula Vista Tacos : RHP Enrique Sánchez
|
Pitching: RHP Enrique Sánchez
|
|
Batting: RHB Carlos Rodríguez
|
0-0: Foul Ball, location: 2F 0-1: Ball 1-1: SINGLE (Line Drive, 9S)
|
Batting: RHB Cooper Richard
|
0-0: Ball 1-0: Ball 2-0: Called Strike 2-1: Swinging Strike 2-2: Foul Ball, location: 2F 2-2: Ball 3-2: Base on Balls Carlos Rodríguez to second
|
Batting: RHB Tony Cruz
|
0-0: Fielders Choice at 2nd, 3-6 (Groundball, 3) Carlos Rodríguez to third
|
Batting: RHB Paul Ayers
|
0-0: Foul Ball, location: 2F 0-1: Fly out, F7 (Flyball, 78M) Runner from 3rd tags up, SCORES, no throw
|
Batting: SHB Lawrence Steward
|
0-0: Foul Ball, location: 2F 0-1: Ball 1-1: Ball 2-1: Swinging Strike 2-2: Fielders Choice at 2nd, U6 (Groundball, 6M)
|
Top of the 1st over - 1 run(s), 1 hit(s), 0 error(s), 1 left on base; Surrey 1 - Chula Vista 0 |
BOTTOM OF THE 1ST |
Chula Vista Tacos batting - Pitching for Surrey Sinners : RHP Michael Chapman
|
Pitching: RHP Michael Chapman
|
|
Batting: SHB Brian Price
|
0-0: Foul Ball, location: 2F 0-1: Foul Ball, location: 2F 0-2: Foul Ball, location: 2F 0-2: Strikes out swinging
|
Batting: SHB Adrián Nieto
|
0-0: Ball 1-0: Called Strike 1-1: Ball 2-1: Fly out, F6 (Popup, 6)
|
Batting: LHB Mario Olivares
|
0-0: Ground out 5-3 (Groundball, 15S)
|
Bottom of the 1st over - 0 run(s), 0 hit(s), 0 error(s), 0 left on base; Surrey 1 - Chula Vista 0 |
TOP OF THE 2ND |
Surrey Sinners batting - Pitching for Chula Vista Tacos : RHP Enrique Sánchez
|
Batting: RHB Omar Tobías
|
0-0: Ball 1-0: Ground out 5-3 (Groundball, 56S)
|
Batting: LHB Martin Short
|
0-0: Ground out 4-3 (Groundball, 4)
|
Batting: LHB Benny Richard
|
0-0: Called Strike 0-1: Ball 1-1: Ball 2-1: Ball 3-1: Ground out 1-3 (Groundball, 15)
|
Top of the 2nd over - 0 run(s), 0 hit(s), 0 error(s), 0 left on base; Surrey 1 - Chula Vista 0 |
BOTTOM OF THE 2ND |
Chula Vista Tacos batting - Pitching for Surrey Sinners : RHP Michael Chapman
|
Batting: LHB Noriaki Sangi
|
0-0: Called Strike 0-1: Ball 1-1: Called Strike 1-2: Foul Ball, location: 2F 1-2: Fly out, F6 (Popup, 5)
|
Batting: RHB Doug Brown
|
0-0: Called Strike 0-1: Ball 1-1: Swinging Strike 1-2: Ball 2-2: Ball 3-2: Strikes out looking
|
Batting: RHB Jorge Collazo
|
0-0: Fly out, F8 (Flyball, 8RS)
|
Bottom of the 2nd over - 0 run(s), 0 hit(s), 0 error(s), 0 left on base; Surrey 1 - Chula Vista 0 |
TOP OF THE 3RD |
Surrey Sinners batting - Pitching for Chula Vista Tacos : RHP Enrique Sánchez
|
Batting: RHB Víctor Arredondo
|
0-0: Ball 1-0: Called Strike 1-1: Ground out 5-3 (Groundball, 56)
|
Batting: RHB Carlos Rodríguez
|
0-0: Ball 1-0: Foul Ball, location: 2F 1-1: Called Strike 1-2: Foul Ball, location: 2F 1-2: Strikes out swinging
|
Batting: RHB Cooper Richard
|
0-0: Ground out 6-3 (Groundball, 6)
|
Top of the 3rd over - 0 run(s), 0 hit(s), 0 error(s), 0 left on base; Surrey 1 - Chula Vista 0 |
BOTTOM OF THE 3RD |
Chula Vista Tacos batting - Pitching for Surrey Sinners : RHP Michael Chapman
|
Batting: LHB Jaime Icaza
|
0-0: Ball 1-0: Ball 2-0: Foul Ball, location: 2F 2-1: Fly out, F8 (Flyball, 8RXD)
|
Batting: RHB Luis Martínez
|
0-0: Called Strike 0-1: Ball 1-1: Ball 2-1: Ball 3-1: Called Strike 3-2: SINGLE (Line Drive, 89S)
|
Batting: RHB Manuel Guerrero
|
0-0: Fly out, F8 (Flyball, 8LM)
|
Batting: SHB Brian Price
|
0-0: Foul Ball, location: 2F 0-1: Ball 1-1: Foul Ball, location: 2F 1-2: Ball 2-2: DOUBLE (Line Drive, 9LS) Luis Martínez to third Runner from 3rd tries for Home, SAFE, throw made home
|
Batting: SHB Adrián Nieto
|
0-0: Ball 1-0: Called Strike 1-1: Ball 2-1: Called Strike 2-2: Foul Ball, location: 2F 2-2: Strikes out looking
|
Bottom of the 3rd over - 1 run(s), 2 hit(s), 0 error(s), 1 left on base; Surrey 1 - Chula Vista 1 |
TOP OF THE 4TH |
Surrey Sinners batting - Pitching for Chula Vista Tacos : RHP Enrique Sánchez
|
Batting: RHB Tony Cruz
|
0-0: Ball 1-0: Called Strike 1-1: Ball 2-1: Foul Ball, location: 2F 2-2: Ball 3-2: Foul Ball, location: 2F 3-2: Base on Balls
|
Batting: RHB Paul Ayers
|
0-0: Foul Ball, location: 2F 0-1: Grounds into double play, 6-4-3 (Groundball, 56)
|
Batting: SHB Lawrence Steward
|
0-0: Ball 1-0: Foul Ball, location: 2F 1-1: Foul Ball, location: 2F 1-2: DOUBLE (Line Drive, 9LS)
|
Batting: RHB Omar Tobías
|
0-0: SINGLE (Groundball, 6MD) Lawrence Steward to third Runner from 3rd tries for Home, SAFE, no throw or cutoff
|
Batting: LHB Martin Short
|
0-0: Called Strike 0-1: Ball Omar Tobías is caught stealing 2nd base
|
Top of the 4th over - 1 run(s), 2 hit(s), 0 error(s), 0 left on base; Surrey 2 - Chula Vista 1 |
BOTTOM OF THE 4TH |
Chula Vista Tacos batting - Pitching for Surrey Sinners : RHP Michael Chapman
|
Batting: LHB Mario Olivares
|
0-0: Foul Ball, location: 2F 0-1: Ball 1-1: Ground out 1-3 (Groundball, 13)
|
Batting: LHB Noriaki Sangi
|
0-0: Swinging Strike 0-1: Foul Ball, location: 2F 0-2: Ground out 3-1 (Groundball, 34)
|
Batting: RHB Doug Brown
|
0-0: Called Strike 0-1: Ground out 5-3 (Groundball, 5S)
|
Bottom of the 4th over - 0 run(s), 0 hit(s), 0 error(s), 0 left on base; Surrey 2 - Chula Vista 1 |
TOP OF THE 5TH |
Surrey Sinners batting - Pitching for Chula Vista Tacos : RHP Enrique Sánchez
|
Batting: LHB Martin Short
|
0-0: Ball 1-0: SINGLE (Groundball, 15S) (infield hit)
|
Batting: LHB Benny Richard
|
0-0: Fly out, F9 (Line Drive, 89S)
|
Batting: RHB Víctor Arredondo
|
0-0: Ball 1-0: Called Strike 1-1: Swinging Strike Passed Ball! Martin Short to second 1-2: Ball 2-2: Strikes out swinging
|
Batting: RHB Carlos Rodríguez
|
0-0: Foul Ball, location: 2F 0-1: Ball 1-1: Ball 2-1: Foul Ball, location: 2F 2-2: Ball 3-2: Foul Ball, location: 2F 3-2: Foul Ball, location: 2F 3-2: Fly out, F7 (Flyball, 78M)
|
Top of the 5th over - 0 run(s), 1 hit(s), 0 error(s), 1 left on base; Surrey 2 - Chula Vista 1 |
BOTTOM OF THE 5TH |
Chula Vista Tacos batting - Pitching for Surrey Sinners : RHP Michael Chapman
|
Batting: RHB Jorge Collazo
|
0-0: Ball 1-0: Ball 2-0: Called Strike 2-1: Swinging Strike 2-2: Ball 3-2: Base on Balls
|
Batting: LHB Jaime Icaza
|
0-0: Ball 1-0: Ball 2-0: Fly out, F7 (Flyball, 7S)
|
Batting: RHB Luis Martínez
|
0-0: Ball Jorge Collazo steals 2nd base 1-0: Foul Ball, location: 2F 1-1: Ball 2-1: Foul Ball, location: 2F 2-2: Strikes out swinging
|
Batting: RHB Manuel Guerrero
|
0-0: Called Strike 0-1: Ball 1-1: Swinging Strike 1-2: Foul Ball, location: 2F 1-2: Ball 2-2: Strikes out swinging
|
Bottom of the 5th over - 0 run(s), 0 hit(s), 0 error(s), 1 left on base; Surrey 2 - Chula Vista 1 |
TOP OF THE 6TH |
Surrey Sinners batting - Pitching for Chula Vista Tacos : RHP Enrique Sánchez
|
Batting: RHB Cooper Richard
|
0-0: Called Strike 0-1: Reached on error, E5 (Groundball, 5S)
|
Batting: RHB Tony Cruz
|
0-0: Ball 1-0: Swinging Strike 1-1: Ball 2-1: Called Strike 2-2: Ball 3-2: Fly out, F4 (Popup, 4)
|
Batting: RHB Paul Ayers
|
0-0: Fly out, F7 (Flyball, 7M)
|
Batting: SHB Lawrence Steward
|
0-0: Called Strike 0-1: Ground out 1-3 (Groundball, 13S)
|
Top of the 6th over - 0 run(s), 0 hit(s), 1 error(s), 1 left on base; Surrey 2 - Chula Vista 1 |
BOTTOM OF THE 6TH |
Chula Vista Tacos batting - Pitching for Surrey Sinners : RHP Michael Chapman
|
Batting: SHB Brian Price
|
0-0: Ball 1-0: Ball 2-0: Ball 3-0: Base on Balls
|
Batting: SHB Adrián Nieto
|
0-0: Called Strike 0-1: Ball 1-1: Ball 2-1: Ball 3-1: Ground out U3 (Groundball, 3S) Brian Price to second
|
Batting: LHB Mario Olivares
|
0-0: Swinging Strike 0-1: Ground out 6-3 (Groundball, 6M) Brian Price to third
|
Batting: LHB Noriaki Sangi
|
0-0: Called Strike 0-1: Foul Ball, location: 2F 0-2: Ball 1-2: Foul Ball, location: 2F 1-2: Ball 2-2: Foul Ball, location: 2F 2-2: Foul Ball, location: 2F 2-2: Ball 3-2: Foul Ball, location: 2F 3-2: Foul Ball, location: 2F 3-2: Base on Balls
|
Pitching: RHP Phil Parker
|
|
Batting: RHB Doug Brown
|
0-0: Swinging Strike 0-1: Called Strike 0-2: Strikes out looking
|
Bottom of the 6th over - 0 run(s), 0 hit(s), 0 error(s), 2 left on base; Surrey 2 - Chula Vista 1 |
TOP OF THE 7TH |
Surrey Sinners batting - Pitching for Chula Vista Tacos : RHP Enrique Sánchez
|
Batting: RHB Omar Tobías
|
0-0: Ball 1-0: Fly out, F6 (Popup, 6MD)
|
Batting: LHB Martin Short
|
0-0: Called Strike 0-1: Ball 1-1: SINGLE (Line Drive, 34)
|
Pinch Hitting: LHB Larry Howard
|
0-0: Ball 1-0: Ball 2-0: Fly out, F4 (Popup, 4MD)
|
Pitching: LHP Raymond Ritchie
|
|
Batting: RHB Víctor Arredondo
|
0-0: Ball 1-0: Ball 2-0: SINGLE (Line Drive, 56D) Martin Short to second
|
Pinch Hitting: RHB Jesús Gonzáles
|
0-0: Ball 1-0: Ball 2-0: Foul Ball, location: 2F 2-1: Ball 3-1: DOUBLE (Line Drive, 8LM) Martin Short scores Víctor Arredondo to third
|
Pinch Hitting: RHB Steve Bender
|
0-0: TRIPLE (Flyball, 9LM) Víctor Arredondo scores Jesús Gonzáles scores
|
Batting: RHB Tony Cruz
|
0-0: Called Strike 0-1: Ball 1-1: Ball Wild Pitch! Steve Bender scores 2-1: Ball 3-1: Foul Ball, location: 2F 3-2: Foul Ball, location: 2F 3-2: DOUBLE (Groundball, 5L)
|
Pitching: RHP Mike Marrero
|
|
Batting: RHB Paul Ayers
|
0-0: Called Strike 0-1: Ball 1-1: Ball 2-1: Foul Ball, location: 2F 2-2: Strikes out looking
|
Top of the 7th over - 4 run(s), 5 hit(s), 0 error(s), 1 left on base; Surrey 6 - Chula Vista 1 |
BOTTOM OF THE 7TH |
Chula Vista Tacos batting - Pitching for Surrey Sinners : RHP Phil Parker
|
Now at 1B: Larry Howard
|
|
Now at 3B: Steve Bender
|
|
Now in LF: Jesús Gonzáles
|
|
Batting: RHB Jorge Collazo
|
0-0: SOLO HOME RUN (Flyball, 78XD), Distance : 419 ft
|
Batting: LHB Jaime Icaza
|
0-0: Called Strike 0-1: Ground out 4-3 (Groundball, 34)
|
Batting: RHB Luis Martínez
|
0-0: Ball 1-0: Ball 2-0: Called Strike 2-1: Foul Ball, location: 2F 2-2: Ball 3-2: Fly out, F4 (Popup, 4D)
|
Batting: RHB Manuel Guerrero
|
0-0: Called Strike 0-1: Swinging Strike 0-2: Ball 1-2: Ball 2-2: Ball 3-2: Base on Balls
|
Batting: SHB Brian Price
|
0-0: Foul Ball, location: 2F 0-1: Ball 1-1: Ball 2-1: Swinging Strike 2-2: Foul Ball, location: 2F 2-2: Ball Manuel Guerrero steals 2nd base 3-2: Foul Ball, location: 2F 3-2: Foul Ball, location: 2F Balk! Manuel Guerrero to third 3-2: Base on Balls
|
Batting: SHB Adrián Nieto
|
0-0: Ball 1-0: Foul Ball, location: 2F 1-1: Swinging Strike 1-2: Ball 2-2: SINGLE (Flyball, 7S) Manuel Guerrero scores Brian Price to second
|
Batting: LHB Mario Olivares
|
0-0: DOUBLE (Line Drive, 89XD) Brian Price scores Adrián Nieto to third Runner from 3rd tries for Home, SAFE, no throw or cutoff
|
Pitching: RHP Chris Marshall
|
|
Batting: LHB Noriaki Sangi
|
0-0: DOUBLE (Line Drive, 78D) Mario Olivares scores
|
Batting: RHB Doug Brown
|
0-0: Ball 1-0: Fly out, F7 (Line Drive, 7S)
|
Bottom of the 7th over - 5 run(s), 4 hit(s), 0 error(s), 1 left on base; Surrey 6 - Chula Vista 6 |
TOP OF THE 8TH |
Surrey Sinners batting - Pitching for Chula Vista Tacos : RHP Mike Marrero
|
Pinch Hitting: LHB Tanyu Imai
|
0-0: Foul Ball, location: 2F 0-1: Ball 1-1: Foul Ball, location: 2F 1-2: Foul Ball, location: 2F 1-2: Ball 2-2: DOUBLE (Line Drive, 9LD)
|
Pinch Hitting: RHB Bill Little
|
0-0: Intentional Walk
|
Pinch Hitting: LHB Nick English
|
0-0: Fly out, F1 (Line Drive, 13)
|
Batting: LHB Larry Howard
|
0-0: Ball 1-0: Swinging Strike 1-1: Foul Ball, location: 2F 1-2: Ball 2-2: Ball 3-2: Foul Ball, location: 2F 3-2: Base on Balls Tanyu Imai to third Bill Little to second
|
Batting: RHB Víctor Arredondo
|
0-0: Foul Ball, location: 2F 0-1: Ball 1-1: Fly out, F8 (Flyball, 8LS)
|
Batting: RHB Jesús Gonzáles
|
0-0: GRAND SLAM HOME RUN (Flyball, 78XD), Distance : 436 ft
|
Batting: RHB Steve Bender
|
0-0: Called Strike 0-1: Ground out 6-3 (Groundball, 6)
|
Top of the 8th over - 4 run(s), 2 hit(s), 0 error(s), 0 left on base; Surrey 10 - Chula Vista 6 |
BOTTOM OF THE 8TH |
Chula Vista Tacos batting - Pitching for Surrey Sinners : RHP Chris Marshall
|
Now at 2B: Héctor Berrios
|
|
Now at SS: César Osequedo
|
|
Now in CF: Nick English
|
|
Batting: RHB Jorge Collazo
|
0-0: Ball 1-0: Ball 2-0: Called Strike 2-1: Swinging Strike 2-2: Ball 3-2: Strikes out looking
|
Batting: LHB Jaime Icaza
|
0-0: Ball 1-0: Ball 2-0: Ball 3-0: Called Strike 3-1: Called Strike 3-2: Base on Balls
|
Batting: RHB Luis Martínez
|
0-0: Grounds into double play, 1-6-3 (Groundball, 13S)
|
Bottom of the 8th over - 0 run(s), 0 hit(s), 0 error(s), 0 left on base; Surrey 10 - Chula Vista 6 |
TOP OF THE 9TH |
Surrey Sinners batting - Pitching for Chula Vista Tacos : RHP Mike Marrero
|
Pitching: LHP Jerry Green
|
|
Batting: RHB Tony Cruz
|
0-0: Ball 1-0: Ball 2-0: Called Strike 2-1: Fly out, F8 (Flyball, 8RM)
|
Batting: RHB Paul Ayers
|
0-0: Ball 1-0: Ball 2-0: Swinging Strike 2-1: Called Strike 2-2: Ball 3-2: Strikes out swinging
|
Batting: RHB Héctor Berrios
|
0-0: Called Strike 0-1: Swinging Strike 0-2: Ball 1-2: Strikes out swinging
|
Top of the 9th over - 0 run(s), 0 hit(s), 0 error(s), 0 left on base; Surrey 10 - Chula Vista 6 |
BOTTOM OF THE 9TH |
Chula Vista Tacos batting - Pitching for Surrey Sinners : RHP Chris Marshall
|
Batting: RHB Manuel Guerrero
|
0-0: Ball 1-0: Swinging Strike 1-1: Ball 2-1: Foul Ball, location: 2F 2-2: Strikes out looking
|
Batting: SHB Brian Price
|
0-0: Ball 1-0: Fly out, F5 (Popup, 6)
|
Batting: SHB Adrián Nieto
|
0-0: Fly out, F3 (Popup, 3F)
|
Bottom of the 9th over - 0 run(s), 0 hit(s), 0 error(s), 0 left on base; Surrey 10 - Chula Vista 6 |
|